 Dungeon Crawl Stone Soup version 0.28-a0-1524-ge72afd5fc6 (webtiles) character file.

Game seed: 17370747150536318656

40 Pin the Skirmisher (level 3, -3/29 HPs)
             Began as a Formicid Abyssal Knight on Jan 17, 2022.
             Was a Follower of Lugonu.
             Slain by a gnoll (5 damage)
             ... on level 1 of the Dungeon.
             The game lasted 00:03:11 (1683 turns).

Pin the Skirmisher (Formicid Abyssal Knight)        Turns: 1683, Time: 00:03:12

Health: -3/29      AC:  8    Str: 19    XL:     3   Next: 72%
Magic:  5/5        EV:  8    Int:  9    God:    Lugonu [*.....]
Gold:   38         SH:  0    Dex: 17    Spells: 2/2 levels left

rFire   . . .      SeeInvis +   a - +1 hand axe
rCold   . . .      Faith    .   (no shield)
rNeg    . . .      Spirit   .   f - +0 chain mail
rPois   .          Reflect  .   (helmet unavailable)
rElec   .          Harm     .   (no cloak)
rCorr   .          Rampage  .   (no gloves)
Will    .....                   (no boots)
Stlth   ..........              (no amulet)
HPRegen 0.09/turn               d - +6 ring of dexterity
MPRegen 0.09/turn               (no ring)

@: no status effects
A: permanent stasis, dig shafts and tunnels, antennae 3, four strong arms
a: Dig, Shaft Self, Renounce Religion, Depart the Abyss


You were on level 1 of the Dungeon.
You worshipped Lugonu.
Lugonu was aware of your devotion.
You visited 1 branch of the dungeon, and saw 2 of its levels.
You visited the Abyss 1 time.

You collected 38 gold pieces.

Inventory:

Hand Weapons
 a - a +1 hand axe (weapon)
Armour
 f - a +0 chain mail (worn)
Jewellery
 c - an amulet of magic regeneration
 d - a +6 ring of dexterity (left hand)
Wands
 h - a wand of iceblast (1)
Scrolls
 k - a scroll of teleportation {unknown}
 l - a scroll of identify {unknown}
Potions
 b - a potion of lignification {unknown}
 e - a potion of might {unknown}
 g - a potion of degeneration {unknown}
 i - a potion of flight {unknown}
 j - a potion of haste {unknown}


   Skills:
 + Level 3.6 Fighting
 + Level 2.4 Axes
 + Level 2.6 Armour
 + Level 1.4 Dodging
 + Level 2.8 Invocations


You had 2 spell levels left.
You didn't know any spells.
Your spell library contained the following spells:

 Spells                   Type           Power      Damage    Failure   Level
 Magic Dart               Conj           0%         1d3       99%         1
 Call Imp                 Summ           0%         N/A       100%        2
 Static Discharge         Conj/Air       0%         N/A       100%        2
 Mephitic Cloud           Conj/Pois/Air  0%         N/A       100%        3
 Dispel Undead            Necr           0%         3d6       100%        4
 Sticky Flame             Conj/Fire      0%         2d3       100%        4


Dungeon Overview and Level Annotations

Branches:
Dungeon (2/15)

Altars:

Shops:
D:2 (


Innate Abilities, Weirdness & Mutations

You cannot be hasted, slowed, berserked, paralysed or teleported.
You can dig through walls and to a lower floor.
You have a pair of large antennae on your head. (SInv)
Your four strong arms can wield two-handed weapons with a shield.


Message History

A gnoll comes into view. It is wielding a +0 whip.
The gnoll hits you but does no damage.
There is a stone staircase leading down here.
A ball python comes into view.
The ball python hisses angrily.
The gnoll hits you with a +0 whip!
The ball python bites you but does no damage.
The ball python grabs you. The ball python constricts you.
There is a stone staircase leading up here.
You escape the ball python's grasp.
The gnoll hits you with a +0 whip.
* * * LOW HITPOINT WARNING * * *
You climb upwards.
There is a stone staircase leading down here.
You closely miss the ball python. You hit the gnoll.
The ball python barely misses you. x2; The gnoll hits you but does no damage.
The ball python barely misses you. The ball python grabs you.
The ball python constricts you.
You completely miss the ball python. You hit the gnoll.
The gnoll hits you with a +0 whip.
* * * LOW HITPOINT WARNING * * *
The ball python barely misses you. The ball python constricts you.
* * * LOW HITPOINT WARNING * * *
You hit the ball python.
The ball python is severely wounded.
You completely miss the gnoll.
The ball python bites you but does no damage.
The ball python constricts you. The gnoll hits you with a +0 whip.
* * * LOW HITPOINT WARNING * * *
The ball python bites you but does no damage.
The ball python constricts you.
You hit the ball python.
You kill the ball python!
Lugonu accepts your kill.
You barely miss the gnoll. The gnoll hits you with a +0 whip.
* * * LOW HITPOINT WARNING * * *
The gnoll barely misses you.
You barely miss the gnoll.
The gnoll is heavily wounded.
The gnoll hits you with a +0 whip.
You die...

############ ### #..........#
############..
#......###.####....#........
##.......##...........#####.#
#.........####......#######.#
#...........@g...............
#.........####.....######.###
##.......## #.....# #.#..
#......## ####### #.#.>
#.#...## #.#.ยง #.##..### #.#
#.......# #.# # #####.#.#
########## #.###
#######.#.####....)(..# #.##.


You could see a gnoll.

Vanquished Creatures
  An adder skeleton (D:2)
  2 dart slugs
  A worm (D:2)
  2 ball pythons (D:1)
  2 bats (D:1)
  2 endoplasms (D:1)
  2 giant cockroaches
  2 quokkas (D:1)
  6 frilled lizards
  6 goblins
  2 kobolds
  4 rats
32 creatures vanquished.

Notes
Turn   | Place    | Note
-------+----------+-------------------------------------------
     0 | Abyss:1  | Pin the Formicid Abyssal Knight began the quest for the
                  | Orb.
     0 | Abyss:1  | Reached XP level 1. HP: 18/18 MP: 2/2
    53 | Abyss:1  | Noticed an ancient zyme
    54 | D:1      | Escaped the Abyss
   204 | D:1      | Reached skill level 1 in Dodging
   289 | D:1      | Reached * piety under Lugonu
   438 | D:1      | Reached XP level 2. HP: 23/24 MP: 3/3
   811 | D:1      | Reached XP level 3. HP: 27/29 MP: 4/4
  1388 | D:2      | Found a faded altar of an unknown god.
  1411 | D:2      | Found Cudghagit's Antique Weapon Emporium.
  1683 | D:1      | Slain by a gnoll

Illustrated notes

Levels and vault maps discovered:
D:1:      dpeg_arrival_brainrot, layout_loops_ring
D:2:      layout_loops_cross, shapermc_ecumenical_altar_mp_ritualfount,
          serial_shops, nicolae_shop_window_shopping, uniq_terence

Skill      XL: |  1 |
---------------+----+-----
Dodging        | 1 |  1.4
Fighting       | |  3.6
Axes           | |  2.4
Armour         | |  2.6
Invocations    | |  2.8

Action                   || total
-------------------------++-------
Melee: Hand axe          ||    93
Invok: Depart the Abyss  ||     1
  Use: Scroll            ||     1
Armor: Leather armour    ||     3
       Ring mail         ||    20
       Chain mail        ||    18
Dodge: Dodged            ||    47

Table legend: (Time is in decaauts)
 A = Elapsed time spent in this place.
 B = Non-inter-level travel time spent in this place.
 C = Inter-level travel time spent in this place.
 D = Time resting spent in this place.
 E = Time spent auto-exploring this place.
 F = Levels seen in this place.
 G = Mean time per level.
                   A        B        C        D        E       F      G
               +--------+--------+--------+--------+--------+-----+--------+
         Total |   1699 |   1653 |     46 |      0 |   1314 |   3 |  566.3 |
       Dungeon |   1645 |   1599 |     46 |      0 |   1263 |   2 |  822.5 |
         Abyss |     54 |     54 |      0 |      0 |     51 |   1 |   54.0 |
               +--------+--------+--------+--------+--------+-----+--------+

Top non-repeatable levels by time:
     D:1: 990 daAuts
     D:2: 654 daAuts
 Abyss:1: 54 daAuts
